Map: Abyssal Reef LE

Players

Yata - Winner!

  • Race: Zerg Zerg
  • League: Platinum
  • Spawn Location: 11:00

KAISERHOFF

  • Race: Terran Terran
  • League: Platinum
  • Spawn Location: 5:00

VOD

Have the link to the VOD?

Description

Time

  • Played on: Sept. 12, 2017, 4:37 p.m.
  • Length: 20:58
Show
View Real Time Build Order
Export as new Build Order

Yata Zerg - Winner!

Build Orders: Hatch First 

Get SALT Encoding   

  12  0:01  Drone  
  13  0:13  Overlord  
  13  0:19  Drone  
  14  0:31  Drone x2  
  14  0:35  Drone  
  17  0:56  Hatchery, Drone  
  17  1:04  Drone  
  18  1:11  Extractor  
  18  1:18  Spawning Pool  
  16  1:19  Drone  
  16  1:22  Drone  
  18  1:28  Drone  
  19  1:40  Overlord  
  19  1:51  Drone  
  20  2:01  Drone  
  21  2:08  Queen  
  21  2:09  Queen  
  21  2:12  Zergling x4  
  21  2:14  Metabolic Boost  
  27  2:20  Drone  
  28  2:34  Overlord, Drone x2  
  30  3:01  Drone  
  30  3:02  Drone x3  
  34  3:06  Baneling Nest  
  33  3:16  Evolution Chamber  
  33  3:18  Drone x2  
  34  3:21  Pneumatized Carapace  
  34  3:22  Queen  
  36  3:30  Drone x7  
  43  3:39  Zergling x2  
  44  3:43  Overlord x3  
  44  3:48  Zerg Melee Weapons Level 1  
  44  4:03  Zergling x2  
  44  4:04  Zergling x16  
  53  4:11  Baneling  
  53  4:19  Extractor, Drone x2  
  54  4:44  Lair  
  54  5:02  Hatchery  
  54  5:03  Baneling x3  
  52  5:41  Hatchery  
  51  5:55  Overlord  
  51  5:56  Overlord  
  50  5:58  Spore Crawler  
  50  6:02  Spore Crawler  
  48  6:07  Hydralisk Den  
  47  6:11  Spire  
  47  6:14  Extractor x2  
  47  6:15  Drone x14  
  47  6:16  Drone x2  
  60  6:22  Zerg Missile Weapons Level 1  
  56  6:29  Zergling x8  
  56  6:30  Zergling x6  
  56  6:32  Baneling x4  
  63  6:39  Drone x3  
  66  6:42  Queen  
  68  6:50  Muscular Augments  
  68  6:54  Queen  
  68  6:56  Zergling x2  
  68  6:59  Drone x8  
  79  7:07  Drone  
  79  7:08  Drone x3  
  83  7:13  Hydralisk x2  
  87  7:18  Overlord  
  87  7:19  Overlord x2  
  87  7:33  Infestation Pit  
  86  7:50  Hydralisk  
  86  7:51  Hydralisk x8  
  104  8:00  Drone x4  
  104  8:01  Drone x2  
  104  8:03  Drone  
  111  8:08  Overlord x4  
  111  8:10  Hive  
  111  8:16  Centrifical Hooks  
  111  8:25  Extractor  
  110  8:31  Extractor  
  109  8:43  Hydralisk x2  
  109  8:44  Hydralisk x3  
  109  8:47  Zergling x2  
  109  8:48  Zergling x32  
  136  9:00  Zerg Ground Armor Level 1  
  136  9:06  Evolution Chamber  
  122  9:17  Zergling x2  
  122  9:18  Zergling x30  
  138  9:29  Overseer  
  138  9:31  Overseer  
  138  9:34  Hydralisk  
  138  9:35  Hydralisk x2  
  144  9:43  Overlord x4  
  144  10:06  Viper x2  
  147  10:10  Hydralisk x3  
  147  10:13  Zergling x2  
  160  10:14  Zergling x26  
  160  10:15  Hatchery  
  160  10:21  Baneling x6  
  169  10:34  Zerg Missile Weapons Level 2  
  169  10:42  Greater Spire  
  157  11:11  Zergling x20  
  121  11:12  Zergling x26  
  130  11:24  Hydralisk  
  130  11:25  Hydralisk x6  
  141  11:40  Drone x7  
  145  11:49  Zergling x14  
  145  11:53  Baneling x10  
  145  11:54  Baneling x8  
  152  12:05  Drone x7  
  159  12:10  Hydralisk  
  159  12:11  Hydralisk x4  
  169  12:19  Overseer  
  169  12:21  Overseer  
  145  12:50  Zergling x26  
  145  12:51  Zergling x16  
  132  13:07  Hydralisk x9  
  140  13:13  Hydralisk  
  140  13:14  Hydralisk x3  
  140  13:17  Hydralisk  
  150  13:21  Queen  
  152  13:34  Hydralisk  
  152  13:35  Hydralisk x2  
  152  13:37  Hatchery  
  152  13:39  Overlord x2  
  152  13:40  Overlord x3  
  157  13:46  Extractor  
  156  13:48  Extractor  
  156  13:52  Hatchery  
  154  13:59  Hydralisk  
  154  14:00  Hydralisk x13  
  182  14:05  Zerg Ground Armor Level 2  
  182  14:07  Zerg Missile Weapons Level 3  
  180  14:35  Zergling x2  
  180  14:36  Zergling x28  
  190  14:42  Zergling x2  
  191  14:50  Overseer  
  191  14:52  Overlord x3  
  191  14:55  Zergling x2  
  191  14:56  Zergling x2  
  193  15:06  Baneling x2  
  193  15:07  Baneling x7  
  193  15:08  Baneling x4  
  193  15:20  Ultralisk Cavern  
  150  15:50  Overseer x2  
  150  15:51  Overseer  
  120  16:12  Hydralisk  
  120  16:13  Hydralisk x22  
  120  16:14  Hydralisk  
  168  16:19  Queen  
  170  16:34  Hydralisk  
  170  16:35  Hydralisk x8  
  188  16:40  Queen  
  190  16:53  Zergling x2  
  191  16:54  Zergling x14  
  166  17:17  Zergling x26  
  166  17:18  Zergling x34  
  179  17:43  Zergling x20, Hydralisk x7  
  179  17:44  Hydralisk  
  144  17:59  Zergling x18  
  144  18:00  Zergling x2  
  151  18:07  Zergling x10  
  151  18:10  Hydralisk x2  
  151  18:11  Hydralisk  
  136  18:48  Hydralisk x11  
  126  18:49  Hydralisk x10  
  126  18:53  Queen  
  162  19:06  Zergling x2  
  162  19:07  Zergling x12  
  169  19:16  Extractor  
  168  19:19  Extractor x2  
  168  19:21  Hydralisk x2  
  168  19:22  Extractor, Hydralisk x10  
  189  19:30  Zergling x4  
  189  19:31  Zergling x18  
  200  19:50  Baneling  
  200  19:51  Baneling x17  
  200  19:52  Baneling  
  188  20:20  Zergling x2  
  188  20:21  Zergling x26  
Show
View Real Time Build Order
Export as new Build Order

KAISERHOFF Terran 

Build Orders: Mech 

Get SALT Encoding   

  12  0:01  SCV  
  13  0:25  Supply Depot  
  13  0:30  Supply Depot  
  13  0:34  SCV  
  14  0:40  Refinery  
  14  0:46  SCV  
  15  0:52  Barracks  
  15  0:58  SCV  
  16  1:10  SCV  
  17  1:22  SCV  
  18  1:34  SCV  
  19  1:40  Refinery  
  19  1:41  Supply Depot  
  19  1:44  Reaper  
  20  1:48  Orbital Command  
  20  2:09  Factory  
  20  2:13  SCV  
  21  2:16  Barracks Tech Lab  
  21  2:25  SCV  
  22  2:39  SCV  
  23  3:14  Command Center  
  23  3:17  Command Center  
  23  3:18  Siege Tank  
  26  3:22  SCV  
  26  3:24  Factory  
  27  3:32  Supply Depot  
  27  3:34  SCV  
  27  3:38  Barracks Tech Lab  
  28  3:47  SCV  
  29  3:54  Siege Tank  
  32  3:59  SCV  
  33  4:10  Factory, Barracks Tech Lab  
  33  4:18  Siege Tank  
  36  4:31  Orbital Command  
  36  4:32  Orbital Command  
  36  4:33  Starport  
  36  4:43  Armory  
  36  4:45  Marine  
  37  5:11  Factory  
  37  5:12  Viking  
  39  5:31  Widow Mine x3  
  44  5:53  Starport Tech Lab  
  44  6:00  Widow Mine  
  44  6:02  Barracks Tech Lab  
  44  6:04  Hellion x3  
  52  6:07  Drilling Claws  
  52  6:11  Orbital Command  
  52  6:25  Hellion x2  
  55  6:34  Refinery  
  55  6:35  Refinery  
  55  6:41  SCV x3  
  58  6:50  Command Center  
  58  6:53  SCV x3  
  61  6:55  Cloaking Field  
  61  6:56  Starport  
  61  6:59  Factory Tech Lab  
  61  7:05  SCV x3  
  64  7:13  Hellion  
  64  7:14  Hellion  
  68  7:17  SCV  
  69  7:25  SCV x2  
  71  7:33  Supply Depot x3, Terran Vehicle Weapons Level 1  
  71  7:40  Engineering Bay  
  71  7:50  Thor  
  77  8:04  Supply Depot  
  77  8:10  Banshee x2  
  83  8:15  Missile Turret  
  83  8:20  Missile Turret  
  83  8:24  Siege Tank, Cyclone  
  89  8:37  Planetary Fortress  
  89  8:44  Command Center  
  89  8:47  Supply Depot  
  89  8:48  Missile Turret  
  89  8:52  Banshee  
  92  9:22  Cyclone x4  
  104  9:24  SCV x3  
  104  9:25  SCV  
  108  9:33  Banshee  
  108  9:36  SCV x2  
  108  9:37  SCV x2  
  115  9:48  SCV x2  
  115  9:49  SCV  
  115  9:52  SCV  
  119  9:56  Supply Depot  
  119  9:57  Terran Vehicle Weapons Level 2  
  119  10:00  SCV  
  119  10:01  SCV x2  
  119  10:02  Orbital Command  
  119  10:04  SCV  
  123  10:08  Armory  
  123  10:13  SCV x3  
  126  10:15  Missile Turret  
  126  10:16  Refinery  
  126  10:17  Refinery  
  126  10:22  Armory  
  126  10:25  SCV  
  127  10:29  Cyclone x2  
  133  10:39  Missile Turret  
  133  10:40  Banshee, Refinery  
  136  10:47  Missile Turret  
  135  10:59  Missile Turret  
  80  11:20  Cyclone x2  
  80  11:21  Cyclone x2  
  89  11:39  SCV x3  
  93  11:40  SCV x2  
  94  11:51  SCV x2  
  94  11:52  Cyclone  
  94  11:53  Cyclone x2  
  105  11:58  Cyclone  
  108  12:03  Factory  
  108  12:13  Terran Vehicle And Ship Armor Level 1  
  108  12:18  Factory  
  108  12:25  Factory, Cyclone x2  
  108  12:28  Terran Vehicle Weapons Level 3  
  114  12:33  Hellion x2  
  76  12:54  Hellion  
  76  12:55  Hellion  
  76  12:57  Hellion x2  
  84  13:04  Widow Mine x2  
  76  13:16  Hellion x2  
  76  13:18  Factory Reactor, Cyclone x2  
  86  13:33  Widow Mine x2  
  90  13:36  Widow Mine  
  90  13:37  Widow Mine  
  90  13:41  Infernal Pre-Igniter  
  94  13:50  Widow Mine x2, Terran Ship Weapons Level 1  
  98  14:01  Widow Mine  
  100  14:09  Command Center  
  100  14:16  Command Center  
  96  14:51  Command Center  
  96  14:56  Factory Reactor  
  96  15:00  Factory Reactor, Factory, Command Center  
  96  15:01  Cyclone  
  96  15:02  Widow Mine x3, Cyclone x2  
  111  15:19  Refinery  
  111  15:25  Refinery  
  111  15:30  Widow Mine  
  111  15:31  Widow Mine x2  
  111  15:32  Banshee  
  111  15:33  Widow Mine x3  
  94  15:56  Widow Mine x4  
  84  15:59  Widow Mine x3  
  84  16:02  Widow Mine  
  84  16:03  Hellion x2  
  87  16:17  Refinery  
  87  16:24  Widow Mine x2, Hellion x2  
  87  16:25  Widow Mine x2  
  95  16:28  Cyclone x2, Hellion  
  95  16:31  Cyclone  
  110  16:41  Missile Turret  
  110  16:44  Widow Mine, Planetary Fortress  
  110  16:45  Cyclone  
  115  16:50  Hellion  
  115  16:53  Widow Mine x3  
  115  16:54  Widow Mine  
  121  17:00  Widow Mine x2  
  125  17:02  Widow Mine  
  114  17:10  Widow Mine  
  92  17:17  Thor  
  94  17:29  Siege Tank x2  
  96  17:30  Missile Turret  
  95  17:39  Siege Tank  
  72  17:58  Widow Mine x5  
  56  17:59  Widow Mine  
  56  18:00  Siege Tank  
  56  18:01  Widow Mine x2  
  71  18:11  Widow Mine  
  73  18:22  Factory Reactor  
  73  18:26  Command Center  
  71  18:29  Thor  
  56  18:48  Widow Mine x3  
  47  18:49  Widow Mine x5  
  64  19:03  Hellion  
  64  19:27  Hellion x2  
  64  19:28  Hellion  
  70  19:42  Refinery  
  70  19:47  Hellion  
  72  19:59  Widow Mine  
  80  20:13  Widow Mine  
  70  20:20  Widow Mine x3  
Tags
 
Composition
Mech
Matchup
TvZ
Replay Pack
Pack 1
Spawn Locations
Cross Positions
Add a new tag
Caveats
  • Supply blocks, unpowered buildings, or Contaminate may cause inaccurate times.
  • Supply counts are checked every 10 seconds.